 Dungeon Crawl Stone Soup version 0.29.1-12-g30fa7ad0bf (webtiles) character file.

Game seed: 8463097796801426778

1 concernfroge the Grave Robber (level 1, -2/13 HPs)
             Began as a Demonspawn Necromancer on Jan 7, 2023.
             Frozen to death by an endoplasm (3 damage)
             ... on level 1 of the Dungeon.
             The game lasted 00:00:32 (35 turns).

concernfroge the Grave Robber (DsNe)                  Turns: 35, Time: 00:00:32

Health: -2/13      AC:  2    Str:  8    XL:     1   Next: 16%
Magic:  1/3        EV: 12    Int: 16    God:
Gold:   9          SH:  0    Dex: 13    Spells: 3/4 levels left

rFire   . . .      SeeInvis .   c - +0 club
rCold   . . .      Faith    .   (no shield)
rNeg    . . .      Spirit   .   a - +0 robe
rPois   .          Reflect  .   (no helmet)
rElec   .          Harm     .   (no cloak)
rCorr   .          Rampage  .   (no gloves)
Will    .....                   (no boots)
Stlth   ++........              (no amulet)
HPRegen 0.04/turn               (no ring)
MPRegen 0.08/turn               (no ring)

@: no status effects
A: no striking features
a: no special abilities


You were on level 1 of the Dungeon.
You visited 1 branch of the dungeon, and saw 1 of its levels.

You collected 9 gold pieces.

Inventory:

Hand Weapons
 c - a +0 club (weapon)
Armour
 a - a +0 robe (worn)
Potions
 b - a potion of magic


   Skills:
 - Level 1.7 Dodging
 - Level 1.7 Stealth
 + Level 2.0 Spellcasting
 + Level 4.4 Necromancy


You had 3 spell levels left.
You knew the following spells:

 Your Spells              Type           Power      Damage    Failure   Level
a - Necrotise             Necr           60%        1d7       3%          1

Your spell library contained the following spells:

 Spells                   Type           Power      Damage    Failure   Level
 Vampiric Draining        Necr           15%        2d7       10%         3
 Animate Dead             Necr           15%        N/A       32%         4
 Agony                    Necr           15%        N/A       67%         5


Dungeon Overview and Level Annotations

Branches:
Dungeon (1/15)

Altars:


Message History

Aiming: Necrotise (safe; 3% risk of failure)
Press: ? - help, Shift-Dir - straight line, f/p - endoplasm
Aim: an endoplasm (moderately wounded, ally target, chance to affect: 85%)
The endoplasm barely resists.
The endoplasm completely misses you.
Casting: Necrotise (safe; 3% risk of failure)
Confirm with . or Enter, or press ? or * to list all spells.
You don't have enough magic to cast this spell.
Unknown command.
Casting: Necrotise (safe; 3% risk of failure)
Confirm with . or Enter, or press ? or * to list all spells.
You don't have enough magic to cast this spell.
Unknown command.
The endoplasm misses you.
Your goblin skeleton hits the endoplasm.
Found 12 gold pieces.
The endoplasm jiggles.
The endoplasm hits you but does no damage.
Found a clear potion.
Your goblin skeleton hits the endoplasm but does no damage.
The endoplasm closely misses you. The endoplasm attacks as you move away!
The endoplasm hits you.
Your goblin skeleton hits the endoplasm but does no damage.
The endoplasm attacks as you move away! The endoplasm hits you.
Your goblin skeleton hits the endoplasm but does no damage.
You see here a +0 club.
c - a +0 club The endoplasm freezes you.
You are frozen.
* * * LOW HITPOINT WARNING * * *
Your goblin skeleton hits the endoplasm but does no damage.
c - a +0 club (weapon)
You hit the endoplasm.
The endoplasm is severely wounded.
The endoplasm barely misses you.
Your goblin skeleton hits the endoplasm.
You barely miss the endoplasm.
The endoplasm is almost dead.
The endoplasm freezes you.
You are frozen.
You die...

##.###.#
#....#.#
#..#.#.#
###....#.##
##.........#
#..........#
#..........#
#......J@..#
#.....Z....#
#.#..#.......!.
#.##.#..........
#.##.#..#######.
#.##.#..##.. #.
#.##.#..#$#+# .
###.##.#..#?#
#......#..#.###


You could see an endoplasm (ally target) and a friendly goblin skeleton.

Vanquished Creatures
  A goblin (D:1)
1 creature vanquished.

Notes
Turn   | Place    | Note
-------+----------+-------------------------------------------
     0 | D:1      | concernfroge the Demonspawn Necromancer began the quest for
                  | the Orb.
     0 | D:1      | Reached XP level 1. HP: 13/13 MP: 3/3
    35 | D:1      | Frozen to death by an endoplasm

Illustrated notes

Levels and vault maps discovered:
D:1:      minmay_arrival_stone_box, layout_basic, interstate_on_off,
          nicolae_grassy_gnolls

Action                   || total
-------------------------++-------
Melee: Club              ||     2
       Unarmed           ||     1
 Cast: Necrotise         ||     3
Armor: Robe              ||     1
Dodge: Dodged            ||     4
